[Event "Titled Tuesday Blitz April 12 Early 2022"]
[White "Sapunov, Evgeny"]
[Black "Coto Mederos, Michel"]
[WhiteFideId "4126661"]
[BlackFideId "3508528"]
[WhiteElo "2470"]
[BlackElo "2427"]
[Result "1/2-1/2"]
[Round "05"]
[TimeControl "180+1"]
[Date "2022.04.12"]
[WhiteClock "0:00:07"]
[BlackClock "0:00:10"]

1. c4 e6 2. Nf3 d5 3. e3 Nf6 4. b3 c5 5. cxd5 exd5 6. Bb2 Nc6 7. a3 Be7 8. d4 O-O 9. Be2 b6 10. O-O Re8 11. Nbd2 Bb7 12. Bd3 Rc8 13. Qe2 Bd6 14. Rfd1 Ne4 15. dxc5 bxc5 16. Ba6 Rb8 17. Nxe4 dxe4 18. Nd2 Ne5 19. Bxb7 Rxb7 20. Nxe4 Rd7 21. h3 Bf8 22. Rxd7 Qxd7 23. Rd1 Qb7 24. Qc2 Ng6 25. Ng3 h6 26. Qc4 Rb8 27. Rd3 Qc6 28. Nf5 Qe8 29. Qg4 Qe6 30. Ng3 c4 31. Qxe6 fxe6 32. Rc3 cxb3 33. Ne4 Bxa3 34. Bxa3 b2 35. Bxb2 Rxb2 36. Ra3 Rb7 37. Ra6 Nf8 38. g4 Kh7 39. Kg2 Rc7 40. f4 Kg6 41. Kf3 Kf7 42. h4 Ke7 43. h5 Nd7 44. Nf2 Rb7 45. Nd3 Rc7 46. Ra5 Rb7 47. g5 Rc7 48. g6 Nf6 49. Ne5 Nxh5 50. Rxa7 Rxa7 51. Nc6+ Kf6 52. Nxa7 Kxg6 53. Nc6 Nf6 54. Ne5+ Kf5 55. Nd3 g5 56. fxg5 Kxg5 57. Nf2 h5 58. Kg3 Kf5 59. Kf3 e5 60. e4+ Kg5 61. Nd3 Ng4 62. Kg3 h4+ 63. Kh3 Kh5 64. Nc5 Nf2+ 65. Kg2 Ng4 66. Kh3 Nf6 67. Nd3 Kg5 68. Nxe5 Nxe4 69. Nf3+ Kf4 70. Nxh4 1/2-1/2


[Site "https://www.chess.com"]

[Event "Titled Tuesday Blitz April 12 Early 2022"]
[White "Sarana, Alexey"]
[Black "Le, Tuan Minh"]
[WhiteFideId "24133795"]
[BlackFideId "12401153"]
[WhiteElo "2666"]
[BlackElo "2450"]
[Result "1/2-1/2"]
[Round "05"]
[TimeControl "180+1"]
[Date "2022.04.12"]
[WhiteClock "0:00:05"]
[BlackClock "0:00:06"]

1. d4 d5 2. c4 c6 3. Nf3 Nf6 4. Nc3 a6 5. g3 Bf5 6. Bg2 e6 7. Nh4 Bg6 8. Nxg6 hxg6 9. Qb3 b5 10. c5 Be7 11. a4 Nbd7 12. O-O O-O 13. Bf4 e5 14. dxe5 Nxc5 15. Qc2 Nfd7 16. Rad1 Ne6 17. b3 Rc8 18. axb5 axb5 19. Qb2 Bc5 20. e4 d4 21. Ne2 g5 22. Bc1 Nxe5 23. Be3 Qf6 24. Nxd4 Ng4 25. b4 Bb6 26. Qe2 Nxe3 27. fxe3 Nxd4 28. exd4 Qe7 29. Kh1 Qxb4 30. d5 cxd5 31. Rxd5 Qc4 32. Qh5 Rc5 33. Rd6 Rc6 34. Rd5 Rh6 35. Qxg5 Rg6 36. Qh5 b4 37. Rb5 Bc7 38. Rb7 Bd6 39. Qd5 Qxd5 40. exd5 Rh6 41. Rf3 g5 42. Rf5 g4 43. Rg5+ Rg6 44. Rxg6+ fxg6 45. Be4 Bc5 46. h4 gxh3 47. Bxg6 Rf2 48. d6 Bxd6 49. Rb6 Bxg3 50. Bd3 Kf8 51. Rxb4 Be5 52. Rb5 Bd6 53. Rf5+ Rxf5 54. Bxf5 h2 55. Be4 Ke7 56. Bg2 Kf6 57. Bd5 1/2-1/2


[Site "https://www.chess.com"]

[Event "Titled Tuesday Blitz April 12 Early 2022"]
[White "Savchenko, Boris"]
[Black "Uzuner, Tufan Can"]
[WhiteFideId "4147332"]
[BlackFideId "6300499"]
[WhiteElo "2557"]
[BlackElo "2100"]
[Result "0-1"]
[Round "05"]
[TimeControl "180+1"]
[Date "2022.04.13"]
[WhiteClock "0:02:39"]
[BlackClock "0:02:09"]

1. Nf3 d5 2. g3 Nd7 3. Bg2 e5 4. d3 c6 5. O-O Ngf6 6. Nc3 Qc7 7. e4 dxe4 8. Re1 exf3 9. Ne4 fxg2 10. Qf3 Nxe4 11. Qxe4 Bd6 12. Qg4 O-O 13. Bh6 g6 14. d4 Re8 15. dxe5 Nxe5 16. Qd4 Nf3+ 17. Kxg2 Nxe1+ 18. Rxe1 Be5 19. f4 Bh3+ 20. Kxh3 Bxd4 21. Rxe8+ Rxe8 0-1


[Site "https://www.chess.com"]

[Event "Titled Tuesday Blitz April 12 Early 2022"]
[White "Secheres, Adrian-Simion"]
[Black "Nakamura, Hikaru"]
[WhiteFideId "1217445"]
[BlackFideId "2016192"]
[WhiteElo "2277"]
[BlackElo "2850"]
[Result "0-1"]
[Round "05"]
[TimeControl "180+1"]
[Date "2022.04.12"]
[WhiteClock "0:00:03"]
[BlackClock "0:02:05"]

1. d4 g6 2. c4 Bg7 3. e4 d6 4. Nc3 Nc6 5. Nge2 e5 6. d5 Nce7 7. h4 f5 8. h5 f4 9. Qc2 g5 10. f3 h6 11. Bd2 g4 12. O-O-O Nf6 13. Kb1 O-O 14. Rc1 b6 15. Ng1 g3 16. Bd3 Bd7 17. Nge2 Qe8 18. Nb5 Qd8 19. b4 a6 20. Na3 a5 21. bxa5 Be8 22. Nb5 Nxh5 23. axb6 cxb6 24. Bb4 Nc8 25. Nec3 Nf6 26. a4 Rf7 27. Qb3 Bf8 28. Kb2 Nd7 29. Ra1 Nc5 30. Bxc5 bxc5 31. a5 Rxa5 32. Rxa5 Qxa5 33. Ra1 Qd8 34. Ra8 Rb7 35. Qa3 Bd7 36. Qa6 Qb6 37. Qxb6 Nxb6 38. Ra6 h5 39. Kc2 h4 40. Bf1 Bc8 41. Ra5 Rg7 42. Ra1 h3 0-1


[Site "https://www.chess.com"]

[Event "Titled Tuesday Blitz April 12 Early 2022"]
[White "Seo, Jung Min"]
[Black "Paravyan, David"]
[WhiteFideId "1734687"]
[BlackFideId "4194985"]
[WhiteElo "2401"]
[BlackElo "2569"]
[Result "1-0"]
[Round "05"]
[TimeControl "180+1"]
[Date "2022.04.13"]
[WhiteClock "0:00:05"]
[BlackClock "0:00:05"]

1. d4 Nf6 2. c4 g6 3. Nc3 d5 4. cxd5 Nxd5 5. e4 Nxc3 6. bxc3 Bg7 7. Be3 c5 8. Nf3 Bg4 9. Qd2 O-O 10. Be2 Qa5 11. Rc1 Rd8 12. d5 c4 13. Bxc4 Rc8 14. Qd3 Nd7 15. Bb3 Bxc3+ 16. Kf1 Bb2 17. Rxc8+ Rxc8 18. h3 Bxf3 19. gxf3 Bc1 20. Kg2 Bxe3 21. Qxe3 Qc5 22. Rd1 Qxe3 23. fxe3 Rc3 24. Kf2 Nc5 25. Rb1 b5 26. Ke2 a5 27. Kd2 b4 28. h4 h5 29. Bc2 Ra3 30. Rb2 Kg7 31. f4 f6 32. Ke2 Rc3 33. Kf2 Nb7 34. e5 fxe5 35. fxe5 Nc5 36. Kf3 Nd7 37. Kf4 Nb6 38. Be4 Nc4 39. Re2 a4 40. Rg2 b3 41. axb3 Rxb3 42. Rxg6+ Kf8 43. d6 exd6 44. exd6 Rb4 45. d7 Ke7 46. Rg7+ Kd8 47. Bf5 Nd6+ 48. e4 Nxf5 49. Kxf5 a3 50. e5 a2 51. e6 Kc7 52. Rg8 a1=Q 53. d8=Q+ Kc6 54. Qd7+ Kc5 55. Rc8+ Kb6 56. Rb8+ Kc5 57. Qe7+ Kd5 58. Qxb4 Qe5+ 59. Kg6 Qxe6+ 60. Kg7 Qe5+ 61. Kg8 Qe6+ 62. Kf8 Qh6+ 63. Ke8 Qh8+ 64. Kd7 Qg7+ 65. Kc8 Qg8+ 66. Kb7 Qf7+ 67. Ka6 Qe6+ 68. Rb6 Qc8+ 69. Rb7 Qa8+ 70. Kb6 Qd8+ 71. Kb5 Qe8+ 72. Ka6 Qa8+ 73. Ra7 Qc6+ 74. Qb6 Qa4+ 75. Qa5+ 1-0


[Site "https://www.chess.com"]

[Event "Titled Tuesday Blitz April 12 Early 2022"]
[White "Seul, Georg"]
[Black "Avalos Parra, Joao"]
[WhiteFideId "4601653"]
[BlackFideId "3402541"]
[WhiteElo "2271"]
[BlackElo "2173"]
[Result "1-0"]
[Round "05"]
[TimeControl "180+1"]
[Date "2022.04.13"]
[WhiteClock "0:01:31"]
[BlackClock "0:00:58"]

1. e4 c6 2. d4 d5 3. e5 Bf5 4. h4 h5 5. Bd3 Bxd3 6. Qxd3 Qa5+ 7. Nd2 Qa6 8. c4 e6 9. Ngf3 Nh6 10. O-O Nf5 11. b3 Be7 12. g3 Nd7 13. Qc3 O-O 14. Re1 Rac8 15. c5 b6 16. b4 Qa4 17. Nb3 a5 18. a3 Rc7 19. Bg5 Rb8 20. Bxe7 Nxe7 21. cxb6 Nxb6 22. Nxa5 Ra8 23. Rec1 Rxa5 24. bxa5 Nc4 25. Qb4 Qxa5 26. Rxc4 1-0


[Site "https://www.chess.com"]

[Event "Titled Tuesday Blitz April 12 Early 2022"]
[White "Shimanov, Aleksandr"]
[Black "Martinez Alcantara, Jose Eduardo"]
[WhiteFideId "4198603"]
[BlackFideId "3805662"]
[WhiteElo "2636"]
[BlackElo "2690"]
[Result "1-0"]
[Round "05"]
[TimeControl "180+1"]
[Date "2022.04.12"]
[WhiteClock "0:00:04"]
[BlackClock "0:00:04"]

1. d4 Nf6 2. Nc3 e6 3. e4 d5 4. e5 Nfd7 5. Nce2 c5 6. c3 Nc6 7. Nf3 Be7 8. h4 Qa5 9. Bd2 Qb6 10. Rb1 a5 11. h5 h6 12. g4 a4 13. a3 Qa7 14. Be3 Nb6 15. Nf4 Qa5 16. Qd2 cxd4 17. cxd4 Nc4 18. Qxa5 N6xa5 19. Nd2 b5 20. Nd3 Nc6 21. Nf3 Rb8 22. Bd2 b4 23. Bxb4 Nxb4 24. axb4 Bxb4+ 25. Nxb4 Rxb4 26. Bxc4 dxc4 27. Nd2 Ke7 28. Ke2 Bb7 29. Rhc1 Bd5 30. Ke3 Rhb8 31. Ra1 f6 32. f4 Kf7 33. Rc3 R8b7 34. Raa3 g6 35. hxg6+ Kxg6 36. exf6 Kxf6 37. Ne4+ Kg7 38. Nc5 Ra7 39. Rc2 Kh7 40. Rh2 Kg7 41. Rf2 Ra8 42. Rh2 Kg6 43. Ra1 Rab8 44. Rxa4 Rxb2 45. Rxb2 Rxb2 46. Ra6 Kf7 47. f5 exf5 48. gxf5 c3 49. Rxh6 Rg2 50. Rh7+ Kg8 51. Rc7 Rg3+ 52. Kf4 Rg1 53. Ke5 Bc4 54. Ne4 c2 55. Nf6+ Kf8 56. Rxc4 Re1+ 57. Ne4 c1=Q 58. Rxc1 Rxc1 59. d5 Re1 60. d6 Ke8 61. Kd5 Rd1+ 62. Ke6 Re1 63. Ke5 Kd7 64. f6 Ke8 65. Kf5 Rd1 66. Ke6 Re1 67. Kf5 Rd1 68. Ke6 Re1 69. f7+ Kf8 70. d7 Rd1 71. Nd6 Re1+ 72. Kd5 Ke7 73. f8=Q+ Kxf8 74. d8=Q+ Kg7 75. Qg5+ Kh7 76. Qh4+ 1-0


[Site "https://www.chess.com"]

[Event "Titled Tuesday Blitz April 12 Early 2022"]
[White "Shipov, Sergei"]
[Black "Vlassov, Nikolai"]
[WhiteFideId "4113624"]
[BlackFideId "4103360"]
[WhiteElo "2800"]
[BlackElo "2407"]
[Result "1-0"]
[Round "05"]
[TimeControl "180+1"]
[Date "2022.04.13"]
[WhiteClock "0:00:03"]
[BlackClock "0:00:03"]

1. d4 Nf6 2. c4 Nc6 3. Nf3 e6 4. a3 d5 5. e3 g6 6. Nc3 Bg7 7. b4 O-O 8. Bb2 Ne7 9. Bd3 b6 10. O-O Bb7 11. Qe2 Rc8 12. Rfd1 c5 13. dxc5 bxc5 14. cxd5 Nfxd5 15. Nxd5 Nxd5 16. bxc5 Nc3 17. Bxc3 Bxc3 18. Be4 Qc7 19. Bxb7 Qxb7 20. Rab1 Qc6 21. Rb5 a6 22. Rb6 Qxc5 23. Rxa6 Bf6 24. h3 Rb8 25. a4 Rb2 26. Rd2 Rfb8 27. Qd3 Rd8 28. Qxd8+ Bxd8 29. Rxd8+ Kg7 30. Rd1 Qc2 31. Rf1 Ra2 32. Ra7 Rxa4 33. Rd7 Kf8 34. Ng5 Ke8 35. Rb7 Qc6 36. Rfb1 1-0


[Site "https://www.chess.com"]

[Event "Titled Tuesday Blitz April 12 Early 2022"]
[White "Silva, Kaua Marques"]
[Black "Kavyev, Ruslan"]
[WhiteFideId "22701168"]
[BlackFideId "34110981"]
[WhiteElo "2071"]
[BlackElo "2182"]
[Result "1-0"]
[Round "05"]
[TimeControl "180+1"]
[Date "2022.04.13"]
[WhiteClock "0:01:30"]
[BlackClock "0:01:32"]

1. e4 c5 2. Nf3 d6 3. d4 cxd4 4. Nxd4 Nf6 5. Nc3 a6 6. Bg5 Nbd7 7. f4 Qc7 8. Qf3 h6 9. Bh4 g5 10. Bg3 gxf4 11. Bh4 h5 12. O-O-O Bh6 13. Kb1 Ne5 14. Qf2 Nfg4 15. Qe1 Ne3 16. Nd5 Qxc2+ 17. Nxc2 Nxd1 18. Qxd1 O-O 19. Qxh5 Kh7 20. Bg5 Ng4 21. Nxe7 f6 22. Qg6+ 1-0


[Site "https://www.chess.com"]

[Event "Titled Tuesday Blitz April 12 Early 2022"]
[White "Simonovic, Miroslav"]
[Black "Baches Garcia, Guillermo"]
[WhiteFideId "919152"]
[BlackFideId "2209764"]
[WhiteElo "2043"]
[BlackElo "2478"]
[Result "0-1"]
[Round "05"]
[TimeControl "180+1"]
[Date "2022.04.13"]
[WhiteClock "0:01:24"]
[BlackClock "0:01:18"]

1. d4 Nf6 2. Bg5 e6 3. e4 h6 4. Bxf6 Qxf6 5. Nf3 d5 6. e5 Qd8 7. c3 c5 8. Nbd2 Qb6 9. Qb3 c4 10. Qxb6 axb6 11. Be2 b5 12. O-O b4 13. a3 b3 14. g4 Nd7 15. h4 Nb6 16. Kg2 Na4 17. Rab1 b5 18. Rfc1 Bd7 19. Nf1 Nxb2 20. Rxb2 Bxa3 21. Rbb1 Bxc1 22. Rxc1 Ra2 23. N1d2 Ke7 24. Bd1 b2 25. Rb1 Rha8 26. Bc2 R8a3 27. Rd1 Rxc3 28. Bb1 Ra1 29. Kf1 Rc1 30. Ke1 c3 31. Nb3 Raxb1 32. Nxc1 Rxc1 0-1


[Site "https://www.chess.com"]

[Event "Titled Tuesday Blitz April 12 Early 2022"]
[White "Skliarov, Viktor"]
[Black "Legenia, Artem"]
[WhiteFideId "14106736"]
[BlackFideId "14136945"]
[WhiteElo "2229"]
[BlackElo "1936"]
[Result "1-0"]
[Round "05"]
[TimeControl "180+1"]
[Date "2022.04.13"]
[WhiteClock "0:00:05"]
[BlackClock "0:00:01"]

1. e4 d5 2. exd5 Qxd5 3. Nc3 Qa5 4. d4 Nf6 5. Bc4 Nc6 6. d5 Ne5 7. Bb5+ Bd7 8. Bxd7+ Nexd7 9. a3 Qa6 10. Bf4 O-O-O 11. Qf3 g6 12. Nge2 Nb6 13. Rd1 Bg7 14. O-O Rd7 15. Rd3 Rhd8 16. Rfd1 Nc4 17. Rb1 Nh5 18. h3 Nxf4 19. Qxf4 e5 20. dxe6 Qxe6 21. Rxd7 Rxd7 22. Ng3 h5 23. h4 Be5 24. Qg5 Qf6 25. Nge4 Qxg5 26. hxg5 Nd2 27. Rc1 Nxe4 28. Nxe4 Bf4 29. Re1 Be5 30. c3 Bg7 31. f4 Kd8 32. Kf2 Re7 33. Kf3 b6 34. Rd1+ Kc8 35. g3 Rd7 36. Re1 Bf8 37. b4 Re7 38. Rd1 Rd7 39. Rxd7 Kxd7 40. Nf6+ Ke6 41. Ke4 a5 42. Nd5 axb4 43. axb4 Bd6 44. Ne3 Be7 45. Ng2 b5 46. Ne3 c5 47. Nd5 cxb4 48. cxb4 Bd6 49. Nc3 Bxb4 50. Nxb5 Be1 51. Nd4+ 1-0


[Site "https://www.chess.com"]

[Event "Titled Tuesday Blitz April 12 Early 2022"]
[White "Skuhala, Barbara"]
[Black "Bach, Ngoc Thuy Duong"]
[WhiteFideId "14605465"]
[BlackFideId "12408956"]
[WhiteElo "2155"]
[BlackElo "1862"]
[Result "0-1"]
[Round "05"]
[TimeControl "180+1"]
[Date "2022.04.13"]
[WhiteClock "0:01:47"]
[BlackClock "0:01:09"]

1. e4 c5 2. Nf3 d6 3. d4 cxd4 4. Nxd4 Nf6 5. Nc3 a6 6. f3 e5 7. Nb3 Be6 8. Be3 Qc7 9. Qd2 Nbd7 10. O-O-O Be7 11. Kb1 O-O 12. g4 b5 13. h4 Nb6 14. h5 Nc4 15. Bxc4 bxc4 16. Nc1 Rab8 17. g5 Nd7 18. g6 Nc5 19. Bxc5 Qxc5 20. h6 fxg6 21. hxg7 Rf7 22. Rdg1 Qb4 23. b3 Rxg7 24. Rg2 a5 25. Nd5 Qxd2 26. Rxd2 Bxd5 27. Rxd5 a4 28. Ra5 axb3 29. axb3 Bg5 30. Kb2 Bd2 31. Rd1 Bxa5 0-1


[Site "https://www.chess.com"]

[Event "Titled Tuesday Blitz April 12 Early 2022"]
[White "Stanisz, Patryk"]
[Black "Kalavannan, Koby"]
[WhiteFideId "1123106"]
[BlackFideId "425753"]
[WhiteElo "1833"]
[BlackElo "1927"]
[Result "1-0"]
[Round "05"]
[TimeControl "180+1"]
[Date "2022.04.13"]
[WhiteClock "0:00:19"]
[BlackClock "0:00:03"]

1. d4 Nf6 2. c4 g6 3. Nc3 Bg7 4. e4 d6 5. Be2 O-O 6. g4 c5 7. d5 e6 8. g5 Ne8 9. h4 exd5 10. cxd5 Nc7 11. Be3 f5 12. gxf6 Qxf6 13. h5 g5 14. h6 Bxh6 15. Qd2 Bg7 16. O-O-O h6 17. Rf1 b5 18. f4 b4 19. Nd1 g4 20. f5 Ba6 21. Bxh6 Nd7 22. Bxa6 Nxa6 23. Bxg7 Kxg7 24. Ne2 Rh8 25. Nf4 Kf7 26. Ng6 Ne5 27. Ne3 Rhg8 28. Rh7+ Rg7 29. Rfh1 c4 30. Nxe5+ Qxe5 31. Nxg4 Qxe4 32. Rxg7+ Kf8 33. Qh6 1-0


[Site "https://www.chess.com"]

[Event "Titled Tuesday Blitz April 12 Early 2022"]
[White "Subelj, Jan"]
[Black "Lauridsen, Jesper Morch"]
[WhiteFideId "14618583"]
[BlackFideId "1401890"]
[WhiteElo "2306"]
[BlackElo "2319"]
[Result "1-0"]
[Round "05"]
[TimeControl "180+1"]
[Date "2022.04.13"]
[WhiteClock "0:01:05"]
[BlackClock "0:00:32"]

1. d3 d5 2. Nf3 Nc6 3. g3 e5 4. Bg2 f6 5. O-O Be6 6. a3 Qd7 7. b4 h5 8. Bb2 h4 9. Nxh4 Bh3 10. Ng6 Rh6 11. Nxf8 Kxf8 12. Bh1 Bxf1 13. Qxf1 Nge7 14. c4 dxc4 15. dxc4 Nd4 16. Nc3 c6 17. e3 Ne6 18. Rd1 Qe8 19. Rd6 Nf5 20. Rd2 Ng5 21. h4 Qg6 22. hxg5 Rxh1+ 23. Kxh1 Qh5+ 24. Kg1 Ke7 25. Qd1 Qxg5 26. Rd7+ Ke8 27. Ne4 Qh6 28. Nd6+ Kf8 29. Nxf5 Qg6 30. Qd6+ Kg8 31. Ne7+ 1-0


[Site "https://www.chess.com"]

[Event "Titled Tuesday Blitz April 12 Early 2022"]
[White "Svane, Frederik"]
[Black "Vokhidov, Shamsiddin"]
[WhiteFideId "12923044"]
[BlackFideId "14204223"]
[WhiteElo "2459"]
[BlackElo "2611"]
[Result "0-1"]
[Round "05"]
[TimeControl "180+1"]
[Date "2022.04.12"]
[WhiteClock "0:00:28"]
[BlackClock "0:00:36"]

1. e4 c5 2. Nf3 d6 3. Bb5+ Nd7 4. d4 cxd4 5. Qxd4 a6 6. Bxd7+ Bxd7 7. Nc3 e5 8. Qd3 Rc8 9. Nd2 Be6 10. O-O Nf6 11. Rd1 Be7 12. Nf1 h6 13. Ne3 O-O 14. a4 Qc7 15. a5 Rfd8 16. Bd2 Qc6 17. Be1 Bf8 18. Ncd5 Bxd5 19. exd5 Qc7 20. b4 g6 21. b5 axb5 22. Qxb5 Qe7 23. Bb4 Ne4 24. Nc4 Qh4 25. Be1 Nxf2 26. Na3 Nh3+ 27. gxh3 Qxh3 28. Qd3 Qg4+ 29. Qg3 Qh5 30. Rd3 e4 31. Rb3 Bg7 32. Rd1 Qxd1 0-1


[Site "https://www.chess.com"]

[Event "Titled Tuesday Blitz April 12 Early 2022"]
[White "Tan, Jun Ying"]
[Black "Beerdsen, Thomas"]
[WhiteFideId "5710413"]
[BlackFideId "1030108"]
[WhiteElo "1827"]
[BlackElo "2585"]
[Result "1/2-1/2"]
[Round "05"]
[TimeControl "180+1"]
[Date "2022.04.13"]
[WhiteClock "0:00:16"]
[BlackClock "0:00:49"]

1. d4 h6 2. e4 g5 3. f4 gxf4 4. Bxf4 c5 5. Nf3 cxd4 6. Qxd4 Nf6 7. e5 Nc6 8. Qd2 Ne4 9. Qe3 d5 10. exd6 Bf5 11. Bd3 Nxd6 12. Bxd6 Bxd3 13. Be5 Nxe5 14. Qxe5 Rg8 15. cxd3 Qxd3 16. Nc3 Rxg2 17. Qb5+ Qxb5 18. Nxb5 Rc8 19. Nc3 Rxb2 20. Rc1 Rxc3 21. Rxc3 Rb1+ 22. Kf2 Rxh1 23. Rc8+ Kd7 24. Rxf8 Ra1 25. Rxf7 Rxa2+ 26. Ke3 b5 27. Rf5 b4 28. Rb5 a5 29. h4 Kd6 30. Nd4 e5 31. Nf5+ Kc6 32. Rxe5 a4 33. Nd4+ Kd6 34. Rb5 b3 35. Nxb3 Ra3 36. Rb6+ Kd5 37. Kd2 axb3 38. Rxh6 Kd4 39. Rd6+ Kc5 40. Rd8 b2 41. Kc2 Rh3 42. Kxb2 Rxh4 43. Rc8+ Kb4 44. Rb8+ Kc4 45. Rc8+ Kb4 46. Rb8+ Ka5 47. Ra8+ Kb6 48. Rb8+ Kc7 49. Rb3 Rh2+ 50. Kc3 1/2-1/2


[Site "https://www.chess.com"]

[Event "Titled Tuesday Blitz April 12 Early 2022"]
[White "Tanenbaum, Zachary"]
[Black "Bluebaum, Matthias"]
[WhiteFideId "2060850"]
[BlackFideId "24651516"]
[WhiteElo "2168"]
[BlackElo "2550"]
[Result "0-1"]
[Round "05"]
[TimeControl "180+1"]
[Date "2022.04.12"]
[WhiteClock "0:00:42"]
[BlackClock "0:01:52"]

1. e4 c6 2. d4 d5 3. exd5 cxd5 4. Bd3 Nc6 5. c3 Qc7 6. Bg5 e6 7. Nd2 Be7 8. Bxe7 Ngxe7 9. Ngf3 O-O 10. O-O f6 11. c4 Bd7 12. Re1 Rae8 13. Rc1 Kh8 14. a3 a5 15. g3 Bc8 16. cxd5 exd5 17. Nb1 Bg4 18. Bf1 Qb6 19. h3 Bxf3 20. Qxf3 Nxd4 21. Qd3 Nec6 22. Nc3 Ne5 23. Nxd5 Nxd3 24. Rxe8 Rxe8 25. Rc8 Rxc8 26. Nxb6 Rc1 0-1


[Site "https://www.chess.com"]

[Event "Titled Tuesday Blitz April 12 Early 2022"]
[White "Tari, Aryan"]
[Black "Harshavardhan G B"]
[WhiteFideId "1510045"]
[BlackFideId "25059009"]
[WhiteElo "2567"]
[BlackElo "1831"]
[Result "1-0"]
[Round "05"]
[TimeControl "180+1"]
[Date "2022.04.12"]
[WhiteClock "0:00:14"]
[BlackClock "0:01:00"]

1. d4 Nf6 2. c4 e6 3. Bf4 d5 4. e3 Bb4+ 5. Nc3 Ne4 6. Qc2 O-O 7. a3 Bxc3+ 8. bxc3 c5 9. Bd3 f5 10. Nf3 b6 11. h4 Nd7 12. cxd5 exd5 13. c4 Ndf6 14. O-O Bb7 15. dxc5 bxc5 16. Rab1 Rf7 17. Ng5 Re7 18. cxd5 Bxd5 19. Rfd1 Qe8 20. Bc4 Bxc4 21. Qxc4+ Kh8 22. f3 Nxg5 23. hxg5 Nd7 24. Rb7 Nf8 25. Rxe7 Qxe7 26. Qd5 Re8 27. Qxf5 c4 28. Rc1 Qxa3 29. Rd1 c3 30. Bd6 Qa4 31. Rd4 Qc6 32. Bxf8 c2 33. Bxg7+ Kg8 34. Rd7 c1=Q+ 35. Kh2 Q1c5 36. Qf7# 1-0


[Site "https://www.chess.com"]

[Event "Titled Tuesday Blitz April 12 Early 2022"]
[White "Tasev, Dejan"]
[Black "Lou, Yiping"]
[WhiteFideId "936618"]
[BlackFideId "8603928"]
[WhiteElo "2253"]
[BlackElo "2412"]
[Result "1-0"]
[Round "05"]
[TimeControl "180+1"]
[Date "2022.04.12"]
[WhiteClock "0:00:20"]
[BlackClock "0:00:04"]

1. e4 e5 2. Nf3 Nc6 3. c3 d5 4. exd5 Qxd5 5. d4 exd4 6. cxd4 Nf6 7. Nc3 Bb4 8. Be2 O-O 9. O-O Qa5 10. Bd2 Rd8 11. a3 Bf8 12. Ne4 Qd5 13. Nxf6+ gxf6 14. Be3 Bf5 15. Rc1 Bg6 16. Bc4 Qf5 17. Nh4 Qe4 18. Nxg6 hxg6 19. Qb3 Na5 20. Bxf7+ Kg7 21. Qa2 Bd6 22. Bc4 Rh8 23. h3 Nxc4 24. Qxc4 Rae8 25. Rfe1 Qf5 26. Qf1 Re4 27. Bd2 Rxd4 28. Bc3 Rd3 29. Rcd1 Rxd1 30. Rxd1 Re8 31. Re1 Rxe1 32. Qxe1 Kf7 33. Qd1 a6 34. g3 b5 35. h4 Qe6 36. h5 gxh5 37. Qxh5+ Ke7 38. Qh7+ Qf7 39. Qe4+ Kd7 40. Qb7 f5 41. Qxa6 Qd5 42. Qa7 f4 43. gxf4 Qd1+ 44. Kg2 Qg4+ 45. Kf1 Qh3+ 46. Ke2 Qg4+ 47. Kf1 Qxf4 48. Qe3 Qg4 49. Qe2 Qh3+ 50. Ke1 c6 51. Kd1 Qh1+ 52. Kc2 Qh7+ 53. Qd3 Qf7 54. f3 Kc7 55. Ba5+ Kd7 56. Bb4 1-0


[Site "https://www.chess.com"]

[Event "Titled Tuesday Blitz April 12 Early 2022"]
[White "Taspinar, Yanki"]
[Black "Galperin, Platon"]
[WhiteFideId "34561188"]
[BlackFideId "14165414"]
[WhiteElo "1518"]
[BlackElo "2432"]
[Result "1-0"]
[Round "05"]
[TimeControl "180+1"]
[Date "2022.04.12"]
[WhiteClock "0:00:14"]
[BlackClock "0:00:05"]

1. c4 e6 2. d4 d5 3. Nc3 Bb4 4. Qc2 dxc4 5. e3 b5 6. a4 c6 7. axb5 cxb5 8. b3 a5 9. bxc4 Bxc3+ 10. Qxc3 b4 11. Qc2 Bb7 12. Nf3 Nf6 13. Be2 O-O 14. O-O Nbd7 15. Bb2 Qc7 16. Rfc1 Rfc8 17. Nd2 e5 18. c5 exd4 19. Bxd4 Ne5 20. Qb2 Neg4 21. g3 Re8 22. Bf3 Bxf3 23. Nxf3 Qc6 24. Nd2 Nd7 25. Bxg7 f6 26. h3 Nge5 27. Bh6 Qd5 28. Qd4 Qxd4 29. exd4 Nd3 30. Rd1 Re2 31. Be3 a4 32. Kf1 Rxe3 33. fxe3 a3 34. Nc4 N3xc5 35. dxc5 Nxc5 36. Rdb1 a2 37. Rxb4 Nd3 38. Rb3 Nc5 39. Rb2 Ra4 40. Nd2 Rf4+ 41. gxf4 1-0


[Site "https://www.chess.com"]

[Event "Titled Tuesday Blitz April 12 Early 2022"]
[White "Tregubov, Pavel V."]
[Black "Bowden, Karl"]
[WhiteFideId "4115341"]
[BlackFideId "400548"]
[WhiteElo "2341"]
[BlackElo "2350"]
[Result "1/2-1/2"]
[Round "05"]
[TimeControl "180+1"]
[Date "2022.04.13"]
[WhiteClock "0:00:09"]
[BlackClock "0:00:09"]

1. e4 e5 2. Nf3 d5 3. Nxe5 Bd6 4. d4 dxe4 5. Nc3 Bxe5 6. dxe5 Qxd1+ 7. Kxd1 Bf5 8. h3 Nc6 9. g4 O-O-O+ 10. Bd2 Bg6 11. Bg2 Nxe5 12. Ke2 h5 13. Bxe4 Bxe4 14. Nxe4 hxg4 15. hxg4 Rxh1 16. Rxh1 Nxg4 17. Rh7 N8f6 18. Nxf6 Nxf6 19. Rxg7 Re8+ 20. Kf3 Nd7 21. Bc3 f6 22. Rf7 Re6 23. Kf4 c5 24. f3 Re2 25. Kf5 Rxc2 26. Ke6 Re2+ 27. Kd6 Re3 28. f4 Rd3+ 29. Ke6 Re3+ 30. Kd5 Kd8 31. Bxf6+ Nxf6+ 32. Rxf6 Re2 33. f5 Rxb2 34. Rf7 Rf2 35. Ke6 c4 36. Rxb7 c3 37. Rd7+ Kc8 38. Rd3 c2 39. Rc3+ Kd8 40. f6 Re2+ 41. Kf7 Kd7 42. Kf8 Kd8 43. f7 Kd7 44. a4 a5 45. Rc4 Kd8 46. Rc5 Kd7 47. Kg7 Rg2+ 48. Kf6 Rf2+ 49. Ke5 Rxf7 50. Rxc2 Rh7 51. Rc5 Rh5+ 52. Kd4 Rxc5 53. Kxc5 Kc7 54. Kb5 Kb7 55. Kxa5 Ka8 56. Kb5 Kb8 57. a5 Ka8 58. Kc5 Kb8 59. Kb5 Ka8 60. Kc5 Kb8 61. Kb5 1/2-1/2


[Site "https://www.chess.com"]

[Event "Titled Tuesday Blitz April 12 Early 2022"]
[White "Vianello, Enrico"]
[Black "Nozdrachev, Leonid"]
[WhiteFideId "810738"]
[BlackFideId "24113433"]
[WhiteElo "2274"]
[BlackElo "2242"]
[Result "0-1"]
[Round "05"]
[TimeControl "180+1"]
[Date "2022.04.13"]
[WhiteClock "0:00:17"]
[BlackClock "0:00:30"]

1. c4 a6 2. Nc3 h5 3. e4 c5 4. Nf3 Nc6 5. d4 cxd4 6. Nxd4 Nf6 7. Be2 h4 8. h3 d6 9. Be3 g6 10. Qd2 Bg7 11. O-O Bd7 12. Rad1 Qc7 13. Nd5 Nxd5 14. cxd5 Nxd4 15. Bxd4 Bxd4 16. Qxd4 O-O 17. Rc1 Qa5 18. a3 Rfc8 19. Rfd1 Rxc1 20. Rxc1 Rc8 21. Rxc8+ Bxc8 22. Qc3 Qxc3 23. bxc3 f5 24. Bd3 Kg7 25. Kf1 Kf6 26. Ke2 Ke5 27. Ke3 f4+ 28. Kf3 g5 29. Ke2 g4 30. hxg4 Bxg4+ 31. f3 Bd7 32. Kd2 Ba4 33. Be2 Bb3 34. Bd3 Ba4 35. Be2 Be8 36. Bd3 Bg6 37. Be2 Bh5 38. Kd3 b6 39. Kd2 a5 40. Kd3 Bf7 41. Kc4 Be8 42. Kb3 Bd7 43. Kc2 Kf6 44. Kd3 Bb5+ 45. c4 Ba4 46. Kd4 Bd7 47. Bf1 Be8 48. Be2 Ba4 49. Bf1 Bd1 50. Kd3 Ke5 51. Kd2 h3 52. gxh3 Bxf3 53. h4 Kxe4 54. Bd3+ Kd4 55. h5 Bxh5 56. Bf1 Bg6 57. Be2 Bf5 58. Bf1 Bd7 59. Be2 Bc8 60. Bf1 Bb7 61. Be2 Ba6 62. c5 Bxe2 0-1


[Site "https://www.chess.com"]